 Dungeon Crawl Stone Soup version 0.15.0-34-g666c3a1 (webtiles) character file.

65 MackTheKnife the Insei (level 3, -2/28 HPs)
             Began as a Draconian Transmuter on Sept 14, 2014.
             Slain by a gnoll
             ... wielding a +0 spear
              (6 damage)
             ... on Level 2 of the Dungeon.
             The game lasted 00:02:05 (1093 turns).

MackTheKnife the Insei (Draconian Transmuter)       Turns: 1093, Time: 00:02:05

HP  -2/28        AC  5     Str 12      XL: 3   Next: 94%
MP   6/6         EV 12     Int 13      God:
Gold 82          SH  0     Dex 12      Spells:  2 memorised,  3 levels left

rFire  . . .     SeeInvis .       - Unarmed
rCold  . . .     Clarity  .     (armour unavailable)
rNeg   . . .     rCorr    .     (no shield)
rPois  .         rRot     .     (helmet restricted)
rElec  .         Spirit   .     (no cloak)
SustAb +         Warding  .     (no gloves)
rMut   .         Stasis   .     (no boots)
Gourm  .                        (no amulet)
MR     .....                    (no ring)
                                k - ring of sustain abilities

@: not resistant to hostile enchantments, very unstealthy
A: unfitting armour, cold-blooded, AC +5
a: no special abilities


You were on level 2 of the Dungeon.
You were hungry.

You visited 1 branch of the dungeon, and saw 2 of its levels.

You collected 82 gold pieces.


Innate Abilities, Weirdness & Mutations

Your plain brown scales are hard (AC +5).
Your body does not fit into most forms of armour.
Your cold-blooded metabolism reacts poorly to cold.


   Skills:
 - Level 1.1 Fighting
 - Level 1.7 Dodging
 + Level 4.8 Unarmed Combat
 - Level 2.0 Spellcasting
 - Level 2.0 Transmutations


You had 3 spell levels left.
You knew the following spells:

 Your Spells              Type           Power        Failure   Level  Hunger
v - Sticks to Snakes      Trmt           #.........   17%         2    ###....
z - Beastly Appendage     Trmt           #.....       12%         1    ##.....

Inventory:

Missiles
 b - 11 arrows
Comestibles
 a - a bread ration
 h - 5 fruits
Scrolls
 l - a scroll of identify
Jewellery
 k - a ring of sustain abilities (left hand)
Potions
 c - 2 potions of heal wounds {unknown}
 e - 3 potions of might {unknown}
 f - a potion of resistance {unknown}
 g - a potion of confusion {unknown}
 i - a potion of curing {unknown}
 j - a potion of invisibility {unknown}
Books
 d - a book of Changes

   Spells                             Type                      Level
   *Beastly Appendage                 Transmutation                1
   *Sticks to Snakes                  Transmutation                2
   Spider Form                        Transmutation/Poison         3
   Ice Form                           Ice/Transmutation            4
   Blade Hands                        Transmutation                5

▒·▒▒▒·)▒▒▒
▒········▒
▒▒▒▒▒▒▒▒)▒
▒·▒▒▒▒▒▒▒▒
▒······>···
▒g·▒▒▒▒▒▒▒
▒g·▒ ▒)·▒
▒d·▒▒▒·▒
▒·····▒
▒·▒▒▒▒·▒ ▒·▒▒▒
▒·▒·· ▒·▒[▒
▒·▒·▒
▒·▒·▒▒▒▒▒▒▒▒▒▒
▒···)········▒


You could see a gnoll and a goblin.


Message History

The gnoll shouts!
The gnoll misses you.
You barely miss the gnoll.
You tail-slap the gnoll, but do no damage.
The gnoll hits you from afar with a spear.
The gnoll hits you with a flail.
A goblin comes into view.
You hit the gnoll.
The gnoll is moderately wounded.
The gnoll completely misses you. The gnoll hits you with a flail.
You hit the gnoll. You claw the gnoll. You tail-slap the gnoll.
The gnoll is almost dead.
The gnoll hits you from afar with a spear.
You closely miss the gnoll.
The gnoll is almost dead.
The gnoll closely misses you.
The gnoll hits you from afar with a spear!
* * * LOW HITPOINT WARNING * * *
You hit the gnoll.
You kill the gnoll!
The gnoll hits you from afar with a spear.
* * * LOW HITPOINT WARNING * * *
Your transformation is almost over.
You see here a throwing net.
Your talons disappear.
You see here a club.
You see here a club.
You see here a club.
The gnoll hits you from afar with a spear.
You die...

Action                   || total
-------------------------++-------
Melee: Unarmed           ||   133
 Cast: Beastly Appendage ||     9
       Sticks to Snakes  ||     1
  Use: Scroll            ||     3

Vault maps used:
D:1:      onia_arrival_pentagram
D:2:      ashenzari_altar_1

Notes
Turn   | Place    | Note
--------------------------------------------------------------
     0 | D:1      | MackTheKnife, the Draconian Transmuter, began the quest for the Orb.
     0 | D:1      | Reached XP level 1. HP: 16/16 MP: 3/3
   182 | D:1      | Reached XP level 2. HP: 20/23 MP: 4/4
   321 | D:1      | Reached skill level 4 in Unarmed Combat
   402 | D:1      | Learned a level 2 spell: Sticks to Snakes
   805 | D:2      | Reached XP level 3. HP: 26/28 MP: 6/6
  1071 | D:2      | HP: 2/28 [gnoll/spear (6)]
  1093 | D:2      | Slain by a gnoll

Vanquished Creatures
  2 gnolls (D:2)
  An adder (D:2)
  A giant mite (D:1)
  2 giant geckos
  An ooze (D:1)
  A giant cockroach (D:1)
  3 goblins
  3 hobgoblins
  4 jackals (D:1)
  4 bats
  2 giant newts (D:1)
  3 kobolds
  A rat (D:1)
28 creatures vanquished.
